 Dungeon Crawl Stone Soup version 0.19-a0-414-g76fec5b (webtiles) character file.

445 M4edhros the Chopper (level 7, -1/67 HPs)
             Began as a Halfling Berserker on June 1, 2016.
             Was a Believer of Trog.
             Slain by a gnoll sergeant
             ... wielding a +0 trident
              (9 damage)
             ... on level 7 of the Dungeon.
             The game lasted 00:06:27 (1158 turns).

M4edhros the Chopper (Halfling Berserker)           Turns: 1158, Time: 00:06:28

Health: -1/67      AC:  3    Str: 23    XL:     7   Next: 24%
Magic:  7/7        EV: 14    Int:  1    God:    Trog [**....]
Gold:   111        SH:  0    Dex: 13    Spells: 0 memorised, 6 levels left

rFire  . . .     SeeInvis .     f - +1 hand axe (curse)
rCold  . . .     Gourm    .     i - +0 leather armour (curse)
rNeg   . . .     Faith    +     (shield restricted)
rPois  .         Spirit   .     (no helmet)
rElec  .         Dismiss  .     (no cloak)
rCorr  .         Reflect  .     (no gloves)
SustAt .         Harm     .     (no boots)
MR     .....                    e - amulet of faith
Stlth  ..........               m - -5 ring of intelligence (curse)
                                l - -2 ring of dexterity (curse)

@: berserking, very quick, not resistant to hostile enchantments, extremely
unstealthy
A: mutation resistance 1
a: Berserk, Trog's Hand, Burn Spellbooks, Renounce Religion


You were on level 7 of the Dungeon.
You worshipped Trog.
Trog was pleased with you.
You were hungry.

You visited 1 branch of the dungeon, and saw 7 of its levels.
You also visited: Sewer.

You collected 111 gold pieces.

Inventory:

Hand Weapons
 a - a +0 hand axe
 f - a cursed +1 hand axe (weapon)
Missiles
 g - 33 sling bullets
Armour
 b - a +0 animal skin
 d - a +0 chain mail
 h - a +0 ring mail
 i - a cursed +0 leather armour (worn)
 q - the cursed +0 leather armour of the Gravedigger {Dex+4}
   (You found it on level 6 of the Dungeon)

   It affects your dexterity (+4).
   It has a curse placed upon it.
Jewellery
 e - an amulet of faith (around neck)
 l - a cursed -2 ring of dexterity (left hand)
 m - a cursed -5 ring of intelligence (right hand)
 n - an uncursed ring of fire
Potions
 j - 2 potions of curing
 o - 3 potions of flight
 p - a potion of heal wounds {unknown}
Comestibles
 c - a bread ration
 k - 2 fruits
 r - a meat ration


   Skills:
 - Level 2.6 Fighting
 + Level 7.0 Axes
 - Level 2.1 Armour
 - Level 2.1 Dodging


You had 6 spell levels left.
You didn't know any spells.

Dungeon Overview and Level Annotations

Branches:
Dungeon (7/15)
 Temple: D:4-7

Altars:
Zin


Innate Abilities, Weirdness & Mutations

You are small and have problems with some larger weapons.
You are somewhat resistant to further mutation.


Message History

You closely miss the giant frog.
The giant frog is severely wounded.
The giant frog barely misses you. The giant frog hits you.
* * * LOW HITPOINT WARNING * * *
You're too hungry to go berserk.
Eat which item? (? for menu, Esc to quit)
The giant frog barely misses you.
That orange was delicious!
A red film seems to cover your vision as you go berserk!
You feel yourself moving faster!
You feel mighty!
You are feeling hungry.
The gnoll sergeant shouts!
The giant frog barely misses you. The giant frog closely misses you.
You slash the giant frog!
You kill the giant frog!
Trog accepts your kill.
Your Axes skill increases to level 7!
You hit the gnoll sergeant but do no damage.
The gnoll sergeant hits you with a trident!
You die...

########
#......#
#......#
#......#
#......#
#?...@g#
..........$.....
##..####.#######
#. #.# . ..# #.#
#.. ...


You could see a gnoll sergeant.

Vanquished Creatures
  A sky beast (D:5)
  A big kobold (Sewer)
  2 giant frogs
  A crimson imp (D:5)
  A worker ant (D:6)
  4 adders
  2 river rats (Sewer)
  An adder skeleton (D:6)
  A dart slug (D:2)
  5 giant geckos (D:6)
  An orc (D:7)
  2 giant cockroaches
  A goblin (D:2)
  A hobgoblin (D:3)
  4 jackals
  A bat (D:3)
  A giant newt (D:6)
  8 kobolds
  A quokka skeleton (D:5)
  6 rats
45 creatures vanquished.

Notes
Turn   | Place    | Note
--------------------------------------------------------------
     0 | D:1      | M4edhros the Halfling Berserker began the quest for the Orb.
     0 | D:1      | Reached XP level 1. HP: 15/15 MP: 1/1
   103 | D:2      | Reached skill level 3 in Axes
   103 | D:2      | Reached XP level 2. HP: 20/20 MP: 2/2
   241 | D:3      | Reached XP level 3. HP: 25/25 MP: 3/3
   304 | D:3      | Reached skill level 4 in Axes
   349 | D:4      | Reached XP level 4. HP: 15/30 MP: 4/4
   384 | D:4      | Reached ** piety under Trog
   433 | D:5      | Entered Level 5 of the Dungeon
   457 | D:5      | Noticed a sky beast
   466 | D:5      | Killed a sky beast
   466 | D:5      | Reached skill level 5 in Axes
   466 | D:5      | Reached XP level 5. HP: 26/35 MP: 5/5
   541 | D:5      | Found a glowing silver altar of Zin.
   663 | D:6      | Got a slimy leather armour
   672 | D:6      | Identified the cursed +0 leather armour of the Gravedigger {Dex+4} (You found it on level 6 of the Dungeon)
   710 | D:6      | Noticed a giant frog
   716 | D:6      | Killed a giant frog
   716 | D:6      | Reached skill level 6 in Axes
   716 | D:6      | Reached XP level 6. HP: 41/41 MP: 6/6
   806 | D:6      | Found a glowing drain.
   832 | Sewer    | Entered a sewer
   953 | Sewer    | Reached XP level 7. HP: 19/45 MP: 7/7
   978 | Sewer    | Found a white marble altar of Elyvilon.
  1156 | D:7      | Reached skill level 7 in Axes
  1158 | D:7      | Slain by a gnoll sergeant

Vault maps used:
D:1:      nicolae_arrival_somewhat_less_tricky_arrival,
          hangedman_decor_clover_reticule
D:2:      nicolae_overflow_crystal_walls, first_bread,
          nemelex_spade_bored_becter
D:3:      wad_lake_hut, grunt_temple_overflow_open, grunt_qazlal_sundering
D:4:      zin_academy, kennysheep_generic_room_14
D:5:      minmay_goblin_kobold_castle, basic_altar, uniq_blork_the_orc
D:6:      lemuel_coloured_pillars_altar, kennysheep_mini, portal_sewer_entry_f,
          kennysheep_generic_room_6
D:7:      kennysheep_mini_moat
Sewer:    sewer_kobolds

Skill      XL: |  1  2  3  4  5  6  7 |
---------------+----------------------+-----
Axes           | 3 4 5 6 7 |  7.0
Fighting       | |  2.6
Armour         | |  2.1
Dodging        | |  2.1

Action                   |  1- 3 |  4- 6 |  7- 9 || total
-------------------------+-------+-------+-------++-------
Melee: Hand axe          |    37 |   109 |    15 ||   161
Invok: Berserk           |     4 |     3 |     1 ||     8
  Use: Potion            |     2 |       |       ||     2
       Scroll            |     1 |     4 |     2 ||     7
  Eat: Fruit             |     1 |       |     1 ||     2
       Chunk             |       |     4 |     1 ||     5
       Pizza             |       |     1 |       ||     1
Armor: Ring mail         |     4 |       |       ||     4
       Leather armour    |     4 |    16 |       ||    20
Dodge: Dodged            |    38 |    81 |    11 ||   130
